 Dungeon Crawl Stone Soup version 0.22-a0-147-gfdd7f25 (webtiles) character file.

3154 BisonMan the Thaumaturge (level 9, -6/47 HPs)
             Began as a Deep Elf Air Elementalist on Feb 6, 2018.
             Was an Initiate of Sif Muna.
             Mangled by Erica
             ... wielding a +3 scimitar of flaming
              (9 damage)
             ... on level 8 of the Dungeon.
             The game lasted 00:17:11 (11543 turns).

BisonMan the Thaumaturge (DEAE)                    Turns: 11543, Time: 00:17:12

Health: -6/47      AC:  9    Str: 10    XL:     9   Next: 62%
Magic:  4/25       EV: 14    Int: 33    God:    Sif Muna [......]
Gold:   454        SH:  0    Dex: 15    Spells: 14/29 levels left

rFire    + . .     SeeInvis .   m - +4 falchion (holy)
rCold    . . .     Gourm    .   (no shield)
rNeg     . . .     Faith    .   w - +1 leather armour of the Eternal Fruit {MR+ rCorr Int+4}
rPois    .         Spirit   .   h - +0 helmet
rElec    .         Reflect  .   (no cloak)
rCorr    +         Harm     .   e - +2 pair of gloves
MR       +....                  l - +0 pair of boots
Stlth    ++........             (no amulet)
HPRegen  0.15/turn              i - ring of protection from fire
MPRegen  0.19/turn              o - +5 ring of intelligence

@: mighty
A: no striking features
a: Renounce Religion


You were on level 8 of the Dungeon.
You worshipped Sif Muna.
Sif Muna was noncommittal.
You were not hungry.

You visited 2 branches of the dungeon, and saw 9 of its levels.

You collected 454 gold pieces.

Inventory:

Hand Weapons
 m - a +4 falchion of holy wrath (weapon)
Armour
 a - a +1 robe
 e - a +2 pair of gloves (worn)
 h - a +0 helmet (worn)
 l - a +0 pair of boots (worn)
 w - the +1 leather armour of the Eternal Fruit (worn) {MR+ rCorr Int+4}
   (You found it on level 5 of the Dungeon)

   It affects your intelligence (+4).
   It affects your resistance to hostile enchantments.
   It protects you from acid and corrosion.
Jewellery
 i - a ring of protection from fire (left hand)
 o - a +5 ring of intelligence (right hand)
Wands
 p - a wand of digging (12)
 q - a wand of clouds (2)
 v - a wand of iceblast (11)
 x - a wand of enslavement (20)
Scrolls
 d - 2 scrolls of immolation
 g - 4 scrolls of identify
 j - 3 scrolls of magic mapping
 t - a scroll of teleportation
 A - a scroll of amnesia
 B - 2 scrolls of remove curse
Potions
 k - 2 potions of brilliance
 n - a potion of might
 s - a potion of lignification {unknown}
Books
 b - a book of Air

   Spells                             Type                      Level
   a - Shock                          Conjuration/Air              1
   b - Swiftness                      Charms/Air                   2
   c - Static Discharge               Conjuration/Air              3
   d - Airstrike                      Air                          4
   e - Lightning Bolt                 Conjuration/Air              5
 u - a book of the Warp

   Spells                             Type                      Level
   a - Gell's Gravitas                Translocation                3
   b - Portal Projectile              Hexes/Translocation          3
   c - Force Lance                    Conjuration/Translocation    4
   d - Dispersal                      Translocation                6
   e - Controlled Blink               Translocation                8
   f - Disjunction                    Translocation                8
Comestibles
 c - 6 rations


   Skills:
 + Level 1.5 Fighting
 + Level 3.9 Long Blades
 - Level 2.3 Armour
 * Level 4.4 Dodging
 + Level 3.6 Stealth
 * Level 10.6 Spellcasting
 * Level 3.9 Conjurations
 + Level 0.5 Charms
 + Level 8.1 Air Magic


You had 14 spell levels left.
You knew the following spells:

 Your Spells              Type           Power        Failure   Level  Hunger
a - Shock                 Conj/Air       ####         1%          1    None
b - Swiftness             Chrm/Air       #####...     1%          2    None
c - Static Discharge      Conj/Air       ######..     1%          3    None
d - Lightning Bolt        Conj/Air       ######....   8%          5    ##.....
e - Airstrike             Air            ######....   1%          4    None


Dungeon Overview and Level Annotations

Branches:
Dungeon (8/15)             Temple (1/1) D:7
   Lair: D:8-11

Altars:
Ashenzari
Cheibriados
Dithmenos
Elyvilon
Fedhas
Gozag
Hepliaklqana
Kikubaaqudgha
Makhleb
Nemelex Xobeh
Okawaru
Qazlal
Ru
Sif Muna
Trog
Uskayaw
Vehumet
Wu Jian
Xom
Yredelemnul
Zin

Shops:
D:7 *

Annotations:
D:8 Erica, Prince Ribbit


Message History

* * * LOW HITPOINT WARNING * * *
You closely miss Prince Ribbit.
Prince Ribbit is severely wounded.
Prince Ribbit misses you. Something hits you but does no damage.
Prince Ribbit closely misses you.
Unknown command.
You feel better.
Prince Ribbit hits you but does no damage.
Something barely misses you. Prince Ribbit barely misses you.
You feel better. Prince Ribbit misses you. Something hits you.
You feel better. Prince Ribbit hits you. Something hits you!
* * * LOW HITPOINT WARNING * * *
Something burns you.
* * * LOW HITPOINT WARNING * * *
You feel very mighty all of a sudden. Prince Ribbit barely misses you.
Prince Ribbit misses you.
You slash Prince Ribbit!
Prince Ribbit is almost dead.
Something hits you!
You die...

#. ##.####....### #.#
#..##...##...##
#..####.###.######..#
)...........# ##.##
.##....(....#######..###
#.....................
####......############
#{F....# #.@....#
#.###### #.# ..# ..(#
#...# #...# ....#


You could see Prince Ribbit.

Vanquished Creatures
  Grinder (D:4)
  A hippogriff (D:7)
  5 yaks
  A steam dragon (D:7)
  A sky beast (D:6)
  A water moccasin (D:5)
  An orc warrior (D:6)
  A hornet zombie (D:6)
  4 ogres
  3 centaurs
  2 scorpions (D:7)
  A water moccasin skeleton (D:6)
  A howler monkey (D:4)
  2 crimson imps
  A centaur zombie (D:3)
  A bullfrog skeleton (D:4)
  2 hounds
  3 jellies (D:7)
  An orc priest (D:4)
  4 orc wizards
  2 iguanas
  3 worker ants
  A hound skeleton (D:7)
  Robin (D:2)
  6 adders
  3 shadow imps
  An ooze (D:1)
  2 adder skeletons (D:4)
  2 worms
  A dart slug (D:2)
  5 leopard geckos
  17 orcs
  3 ball pythons
  8 giant cockroaches
  11 goblins
  8 hobgoblins
  17 jackals
  A kobold (D:1)
  2 quokkas
  6 bats
  5 frilled lizards
  A jackal skeleton (D:4)
  A quokka skeleton (D:4)
  6 rats
150 creatures vanquished.

Notes
Turn   | Place    | Note
-------+----------+-------------------------------------------
     0 | D:1      | BisonMan the Deep Elf Air Elementalist began the quest for the Orb.
     0 | D:1      | Reached XP level 1. HP: 10/10 MP: 6/6
   296 | D:1      | Reached XP level 2. HP: 15/15 MP: 4/8
   343 | D:1      | Learned a level 2 spell: Swiftness
  1277 | D:2      | Noticed Robin
  1282 | D:2      | Killed Robin
  1282 | D:2      | Reached XP level 3. HP: 19/19 MP: 2/9
  2690 | D:3      | Reached XP level 4. HP: 24/24 MP: 8/11
  2700 | D:3      | Reached skill level 4 in Spellcasting
  3038 | D:3      | Reached XP level 5. HP: 28/28 MP: 7/13
  3665 | D:4      | Learned a level 3 spell: Static Discharge
  3669 | D:4      | Learned a level 3 spell: Gell's Gravitas
  3671 | D:4      | Noticed an ogre
  3674 | D:4      | Learned a level 4 spell: Airstrike
  3710 | D:4      | Killed an ogre
  3710 | D:4      | Reached skill level 1 in Long Blades
  3710 | D:4      | Reached skill level 5 in Spellcasting
  3710 | D:4      | Reached XP level 6. HP: 7/32 MP: 1/15
  4325 | D:4      | Reached skill level 5 in Air Magic
  4534 | D:4      | Learned a level 5 spell: Lightning Bolt
  4661 | D:4      | Reached XP level 7. HP: 37/37 MP: 12/17
  4916 | D:4      | Reached skill level 6 in Spellcasting
  5292 | D:4      | Noticed Grinder
  5298 | D:4      | Killed Grinder
  5298 | D:4      | Reached skill level 7 in Spellcasting
  5804 | D:5      | Entered Level 5 of the Dungeon
  5982 | D:5      | Got a polished leather armour
  5993 | D:5      | Identified the +1 leather armour of the Eternal Fruit {MR+ rCorr Int+4} (You found it on level 5 of the Dungeon)
  6282 | D:5      | Reached XP level 8. HP: 42/42 MP: 11/21
  7095 | D:6      | Reached skill level 8 in Spellcasting
  7646 | D:6      | Reached skill level 1 in Fighting
  7646 | D:6      | Reached skill level 1 in Armour
  8214 | D:6      | Reached skill level 9 in Spellcasting
  8244 | D:5      | Reached XP level 9. HP: 22/47 MP: 1/24
  9850 | D:7      | Found Xeloriry's Assorted Antiques.
 10103 | D:7      | Reached skill level 10 in Spellcasting
 11039 | D:7      | Found a staircase to the Ecumenical Temple.
 11161 | Temple   | Entered the Ecumenical Temple
 11377 | Temple   | Became a worshipper of Sif Muna the Loreminder
 11508 | D:8      | Noticed Erica
 11514 | D:8      | Noticed Prince Ribbit
 11543 | D:8      | Mangled by Erica

Vault maps used:
D:1:      lightli_arrival_maybe_door_vault, hex_tiny
D:2:      uniq_robin
D:4:      first_ration, uniq_grinder
D:5:      serial_bayou_pond_e
D:7:      minmay_temple_entry_fiery, serial_shops, shop
D:8:      nicolae_overflow_crystal_walls, blue_anna_alchemist, uniq_erica,
          uniq_prince_ribbit1, uniq_gastronok
Temple:   regret_index_temple_sigil_plot

Skill      XL: |  1  2  3  4  5  6  7  8  9 |
---------------+----------------------------+-----
Stealth        | 3 |  3.6
Conjurations   | 2 3 |  3.9
Spellcasting   | 4 5 7 9 10 | 10.6
Air Magic      | 4 5 6 7 8 |  8.1
Dodging        | 3 4 |  4.4
Long Blades    | 1 2 3 |  3.9
Fighting       | 1 |  1.5
Armour         | 1 2 |  2.3
Charms         | |  0.5

Action                   |  1- 3 |  4- 6 |  7- 9 || total
-------------------------+-------+-------+-------++-------
Melee: Falchion          |     9 |    14 |    82 ||   105
 Cast: Shock             |    82 |    78 |    28 ||   188
       Static Discharge  |       |     3 |    21 ||    24
       Airstrike         |       |     8 |    77 ||    85
       Swiftness         |       |     1 |     2 ||     3
       Lightning Bolt    |       |       |     2 ||     2
  Use: Scroll            |       |    11 |     6 ||    17
       Potion            |       |       |     9 ||     9
  Eat: Chunk             |     1 |     7 |     8 ||    16
       Ration            |     1 |       |     5 ||     6
Armor: Robe              |     6 |     2 |     7 ||    15
       Leather armour    |       |       |    34 ||    34
Dodge: Dodged            |    14 |    16 |    84 ||   114
       Rpst.: Falchion   |     1 |     3 |    25 ||    29

Table legend:
 A = Spawn XP
 B = Non-spawn XP
 C = Spawn XP percentage of total XP
 D = Spawn monster count
 E = Non-spawn monster count
 F = Spawn count percentage of total count
 G = Total turns spent on level
                    A         B        C        D         E        F      G
               +---------+---------+-------+---------+---------+-------+---------
         Total |       0 |    4507 |   0.0 |       0 |     150 |   0.0 | 11543
               +---------+---------+-------+---------+---------+-------+---------
           D:1 |       0 |      33 |   0.0 |       0 |      16 |   0.0 |  1206
           D:2 |       0 |      49 |   0.0 |       0 |      16 |   0.0 |  1366
           D:3 |       0 |     179 |   0.0 |       0 |      31 |   0.0 |  1036
           D:4 |       0 |     978 |   0.0 |       0 |      35 |   0.0 |  2196
           D:5 |       0 |     496 |   0.0 |       0 |      11 |   0.0 |  1741
           D:6 |       0 |    1661 |   0.0 |       0 |      18 |   0.0 |  2100
           D:7 |       0 |    1066 |   0.0 |       0 |      21 |   0.0 |  1555
           D:8 |       0 |      45 |   0.0 |       0 |       2 |   0.0 |    80
               +---------+---------+-------+---------+---------+-------+---------
